 Dungeon Crawl Stone Soup version 0.29-a0-393-g47a863cc1b (webtiles) character file.

Game seed: 15113754767687954708

69234 Kenran the Fighter (level 15, -7/117 HPs)
             Began as a Djinni Transmuter on May 10, 2022.
             Was an Elder of Makhleb.
             Killed from afar by a wretched star (20 damage)
             ... with a lance of force
             ... on level 2 of the Abyss.
             The game lasted 01:31:50 (37194 turns).

Kenran the Fighter (Djinni Transmuter)             Turns: 37194, Time: 01:31:50

Health: -7/117     AC: 13    Str: 22    XL:     15   Next: 73%
Gold:   640        EV: 21    Int: 23    God:    Makhleb [****..] SH:  5 Dex: 19

rFire   + + +      SeeInvis .   k - +7 dagger "Gram" {vamp, rN+ Int+3}
rCold   + + .      Faith    .   (no shield)
rNeg    + + .      Spirit   .   t - +3 robe of Morality {rC+ MP+9}
rPois   ∞          Reflect  +   (no helmet)
rElec   +          Harm     .   K - +0 cloak
rCorr   +          Rampage  .   Q - +2 pair of gloves of Kikubaaqudgha's Hope {Drain Str+7 Stlth+}
Will    +....                   (boots unavailable)
Stlth   +++.......              F - amulet of reflection
HPRegen 0.29/turn               D - +4 ring of protection
MPRegen 0.00/turn               w - ring of Liddeid {Drain rC+ rN+ Str+6 Dex+3}

@: about to teleport, resistant, flying
A: sickness immunity, fire resistance 2, cold vulnerability 1, float, innate
caster, HP casting, extra vitality 1
a: Renounce Religion, Minor Destruction, Lesser Servant of Makhleb, Major
Destruction


You were on level 2 of the Abyss.
You worshipped Makhleb.
Makhleb was greatly pleased with you.
You visited 3 branches of the dungeon, and saw 21 of its levels.
You visited the Abyss 2 times.
You also visited: Gauntlet.

You collected 1462 gold pieces.
You spent 822 gold pieces at shops.

Inventory:

Hand Weapons
 k - the +7 dagger "Gram" (weapon) {vamp, rN+ Int+3}
   (You found it on level 2 of the Dungeon)

   It occasionally heals its wielder for a portion of the damage dealt when it
   wounds a living foe.
   Int:       It affects your intelligence (+3).
   rN:        It protects you from negative energy.
Missiles
 c - 52 poisoned darts
Armour
 t - the +3 robe of Morality (worn) {rC+ MP+9}
   (You found it on level 3 of the Dungeon)

   rC:        It protects you from cold.
   MP:        It affects your magic capacity (+9).
 K - a +0 cloak (worn)
 Q - the +2 pair of gloves of Kikubaaqudgha's Hope (worn) {Drain Str+7 Stlth+}
   (You acquired it on level 4 of the Dungeon)

   Str:       It affects your strength (+7).
   Drain:     It drains your maximum health when unequipped.
   Stlth:     It makes you more stealthy.
Jewellery
 r - a ring of see invisible
 w - the ring of Liddeid (right hand) {Drain rC+ rN+ Str+6 Dex+3}
   (You acquired it on level 4 of the Dungeon)

   [ring of strength]

   Str:       It affects your strength (+6).
   Dex:       It affects your dexterity (+3).
   rC:        It protects you from cold.
   rN:        It protects you from negative energy.
   Drain:     It drains your maximum health when unequipped.
 D - a +4 ring of protection (left hand)
 E - a ring of wizardry
 F - an amulet of reflection (around neck)
 T - the ring "Higip" {Will+ Dex+3}
   (You found it in a Gauntlet)

   [ring of willpower]

   Dex:       It affects your dexterity (+3).
   Will:      It increases your willpower.
Wands
 x - a wand of digging (12)
 I - a wand of iceblast (22)
 L - a wand of polymorph (12)
 P - a wand of flame (10)
 R - a wand of acid (3)
 V - a wand of mindburst (13)
Scrolls
 b - 2 scrolls of teleportation
 d - 3 scrolls of enchant armour
 e - a scroll of torment {!r}
 h - 2 scrolls of brand weapon {unknown}
 l - 2 scrolls of blinking
 o - 8 scrolls of immolation {!r}
 u - 7 scrolls of fear
 v - a scroll of amnesia {unknown}
 y - 4 scrolls of fog
 H - a scroll of enchant weapon
 N - a scroll of silence {unknown}
 O - a scroll of poison
Potions
 a - 6 potions of degeneration {unknown}
 f - 4 potions of might
 g - 4 potions of lignification {!q}
 i - 3 potions of invisibility {unknown}
 j - 3 potions of cancellation
 n - 2 potions of brilliance
 p - 7 potions of attraction {unknown}
 q - a potion of ambrosia {unknown}
 s - a potion of haste {unknown}
 z - 3 potions of resistance
 B - a potion of curing {@q1}
 G - a potion of magic {unknown}
 J - 2 potions of mutation {unknown}
 S - a potion of berserk rage {unknown}
Miscellaneous
 U - a box of beasts


   Skills:
 + Level 14.2 Fighting
 - Level 2.0 Short Blades
 - Level 13.0 Dodging
 - Level 7.5 Unarmed Combat
 + Level 12.1 Spellcasting
 - Level 10.0 Invocations
 - Level 2.0 Evocations


You had 4 spell levels left.
You knew the following spells:

 Your Spells              Type           Power      Damage    Failure   Level
a - Beastly Appendage     Tmut           100%       N/A       1%          1
b - Wereblood             Tmut           63%        N/A       1%          2
c - Spider Form           Tmut/Pois      63%        N/A       1%          3
d - Ice Form              Ice/Tmut       63%        N/A       1%          4
e - Magic Dart            Conj           100%       1d8       1%          1
f - Scorch                Fire           100%       2d10      1%          2
g - Inner Flame           Hex/Fire       63%        N/A       1%          3
h - Conjure Flame         Conj/Fire      63%        6-21      1%          3
i - Hailstorm             Conj/Ice       63%        3d13      1%          4
j - Manifold Assault      Tloc           63%        N/A       1%          5
k - Starburst             Conj/Fire      31%        6d10      4%          6
Your spell library was empty.

Dungeon Overview and Level Annotations

Branches:
Dungeon (14/15)            Temple (1/1) D:5            Lair (6/6) D:10
 Shoals (0/4) Lair:2        Snake (0/4) Lair:2        Slime (0/5) Lair:6
    Orc (0/2) D:10        Gauntlet (visited)
 Vaults: D:13-14

Altars:
Ashenzari
Cheibriados
Dithmenos
Elyvilon
Fedhas
Gozag
Hepliaklqana
Kikubaaqudgha
Makhleb
Nemelex Xobeh
Okawaru
Qazlal
Ru
Sif Muna
Trog
Uskayaw
Vehumet
Wu Jian
Xom
Yredelemnul
Zin
The Shining One
Lugonu

Shops:
D:1 (   D:4 ?

Portals:
Abyss: Lair:6

Annotations:
D:3 exclusion: downstairs
D:6 cyclops!
D:7 1 runed translucent door
D:8 exclusion: two-headed ogre


Innate Abilities, Weirdness & Mutations

You are immune to sickness and miasma.
You are immune to poison.
Your flesh is very heat resistant. (rF++)
You are vulnerable to cold. (rC-)
You float through the air rather than walking.
You learn spells naturally, not from books.
Your magical power is your life essence.
You have superior vitality. (+4 MHP)


Message History

Unknown command.
Casting: Manifold Assault (mildly dangerous; 1% risk of failure)
Confirm with . or Enter, or press ? or * to list all spells.
You don't have enough health to cast this spell.
Unknown command.
You feel better. The raiju misses you.
The large abomination hits your hellwing!
Your hellwing dies!
Your hellwing disappears in a puff of smoke!
The raiju barely misses you.
You feel better. A chorus of shrieks assaults your mind.
* * * LOW HITPOINT WARNING * * *
The raiju bites you.
* * * LOW HITPOINT WARNING * * *
The raiju shocks you. You resist.
* * * LOW HITPOINT WARNING * * *
The raiju bites you.
* * * LOW HITPOINT WARNING * * *
The raiju shocks you. You resist.
* * * LOW HITPOINT WARNING * * *
The raiju misses you.
Blink to where?
Press: ? - help, Dir - move target A small abomination comes into view.
As you read the scroll of blinking, it crumbles to dust.
You feel better.
As you read the scroll of fog, it crumbles to dust.
The scroll dissolves into smoke.
As you read the scroll of teleportation, it crumbles to dust.
You feel strangely unstable.
You feel the power of the Abyss delaying your translocation!
The small abomination hits you!
* * * LOW HITPOINT WARNING * * *
Okay, then.
A wretched star comes into view.
You feel better.
The wretched star glows turbulently.
The lance of force hits you!!
You die...

.# . .# ... .#
...##.# .......##
....*...##
......§..##
......§@§§##
......#x§§§##
......X§§§§.##
......§§§§§..#
##....§§§§....##
#.....§§§.h...#
#..# .....X....#
.#........X.h..###
. .......h ....##


You could see a starcursed mass, a wretched star and a small abomination.

Vanquished Creatures
  A storm dragon (D:13)
  A minotaur (Gauntlet)
  6 hydras
  An ice dragon (D:13)
  A yaktaur captain (D:13)
  4 boulder beetles
  A catoblepas (Lair:5)
  5 two-headed ogres
  2 centaur warriors
  5 death yaks
  4 thrashing horrors (Lair:6)
  Urug (Lair:1)
  A large abomination (Abyss:2)
  A soul eater (Gauntlet)
  A wretched star (Abyss:2)
  A fire crab (Gauntlet)
  A sixfirhy (Abyss:2)
  A fire crab (shapeshifter) (D:13)
  Pikel (D:4)
  3 ugly things
  A manticore (D:6)
  10 elephants
  2 cyclopes
  4 black mambas
  3 gargoyles
  A cane toad (shapeshifter) (Lair:6)
  A torpor snail (Lair:3)
  2 smoke demons (Lair:6)
  2 unseen horrors (D:10)
  2 kobold demonologists
  Maggie (Lair:2)
  6 rime drakes
  13 cane toads
  5 komodo dragons
  4 ancient zymes
  3 meliai (D:13)
  6 trolls
  A polar bear (Lair:5)
  Grinder (D:3)
  36 blink frogs
  A dream sheep (shapeshifter) (D:13)
  6 dream sheep (Lair:3)
  2 wyverns
  6 flying skulls (Abyss:2)
  A hog (shapeshifter) (D:13)
  A shadow (D:12)
  2 spriggans (Lair:6)
  2 fire bats (Gauntlet)
  2 wraiths
  12 basilisks
  43 yaks
  Eustachio (D:3)
  5 ynoxinuls (Lair:6)
  A neqoxec (Abyss:2)
  3 vampire mosquitoes (D:13)
  An acid dragon (D:11)
  11 water moccasins
  2 ice beasts
  5 orc warriors
  2 ogres
  3 centaurs
  6 wolves
  A lemure (D:4)
  4 necrophages
  3 kobold brigands
  10 small abominations
  15 bullfrogs
  2 scorpions
  15 wights
  4 killer bees (D:10)
  4 electric eels
  4 howler monkeys
  9 hounds
  3 jellies
  5 orc priests
  5 iguanas
  9 orc wizards
  7 gnolls
  10 adders
  5 shadow imps
  A white imp (D:7)
  An ufetubus (D:5)
  2 worms (D:2)
  11 dart slugs
  48 orcs
  5 endoplasms
  2 giant cockroaches
  4 goblins
  8 hobgoblins
  22 kobolds
  4 quokkas
  4 ball pythons
  6 bats
  4 frilled lizards
  A jackal zombie (D:7)
  A kobold zombie (D:7)
  2 rats
505 creatures vanquished.

Vanquished Creatures (collateral kills)
  Rupert (D:12)
  A boulder beetle (Lair:6)
  A death yak (Lair:4)
  A cyclops (D:12)
  A will-o-the-wisp (Abyss:2)
  2 large abominations (Abyss:2)
  2 orcs (D:11)
  A lurking horror (Abyss:2)
10 creatures vanquished.

Vanquished Creatures (others)
  A kobold (D:9)
  2 bushes
  40 fungi
  2 lurking horrors (Abyss:2)
  134 plants
  5 starspawn tentacles (Abyss:2)
184 creatures vanquished.

Grand Total: 699 creatures vanquished

Notes
Turn   | Place    | Note
-------+----------+-------------------------------------------
     0 | D:1      | Kenran the Djinni Transmuter began the quest for the Orb.
     0 | D:1      | Reached XP level 1. HP: 17/17 MP: 0/0
   221 | D:1      | Reached XP level 2. HP: 16/22 MP: 0/0
   461 | D:1      | Found Bateajagg's Weapon Emporium.
   804 | D:2      | Reached XP level 3. HP: 26/27 MP: 0/0
   804 | D:2      | Learned a level 1 spell: Magic Dart
  1480 | D:2      | Reached XP level 4. HP: 25/32 MP: 0/0
  2134 | D:2      | Identified the +7 dagger "Gram" {vamp, rN+ Int+3}
  2420 | D:3      | Reached skill level 2 in Fighting
  2440 | D:3      | Noticed Grinder
  2443 | D:3      | Reached XP level 5. HP: 22/38 MP: 0/0
  2443 | D:3      | Learned a level 2 spell: Scorch
  2602 | D:3      | Paralysed by Grinder for 4 turns
  2877 | D:3      | Reached skill level 5 in Unarmed Combat
  3105 | D:3      | Killed Grinder
  3106 | D:3      | Reached skill level 3 in Fighting
  3106 | D:3      | Reached XP level 6. HP: 46/46 MP: 0/0
  3298 | D:3      | Reached XP level 7. HP: 50/50 MP: 0/0
  3298 | D:3      | Learned a level 3 spell: Inner Flame
  4004 | D:4      | Found Jytoh's Magic Scroll Shoppe.
  4013 | D:4      | Bought a scroll of teleportation for 36 gold pieces
  4013 | D:4      | Bought a scroll of blinking for 90 gold pieces
  4016 | D:4      | Noticed Eustachio
  4048 | D:3      | Killed Eustachio
  4056 | D:3      | Identified the +3 robe of Morality {rC+ MP+9}
  4231 | D:4      | Reached skill level 4 in Fighting
  4298 | D:4      | Found a glowing golden altar of the Shining One.
  4536 | D:4      | Reached skill level 5 in Dodging
  4536 | D:4      | Reached XP level 8. HP: 52/58 MP: 0/0
  5229 | D:4      | Found a blossoming altar of Fedhas.
  5231 | D:4      | Found a stormy altar of Qazlal.
  5494 | D:5      | Entered Level 5 of the Dungeon
  5495 | D:5      | Noticed Pikel
  5689 | D:5      | Reached skill level 5 in Fighting
  6291 | D:4      | Found a glowing golden altar of the Shining One.
  6377 | D:4      | Found Jytoh's Magic Scroll Shoppe.
  6396 | D:4      | Found a stormy altar of Qazlal.
  6397 | D:4      | Found a blossoming altar of Fedhas.
  6703 | D:5      | Reached skill level 5 in Spellcasting
  6991 | D:4      | Killed Pikel
  6992 | D:4      | Reached skill level 6 in Fighting
  6992 | D:4      | Reached XP level 9. HP: 37/66 MP: 0/0
  6992 | D:4      | Learned a level 3 spell: Conjure Flame
  7156 | D:5      | Found a staircase to the Ecumenical Temple.
  7162 | Temple   | Entered the Ecumenical Temple
  7435 | Temple   | Became a worshipper of Makhleb the Destroyer
  7606 | D:5      | Found a shimmering altar of Xom.
  8603 | D:6      | Reached skill level 7 in Fighting
  8604 | D:6      | Noticed a cyclops
  8938 | D:6      | Noticed a manticore
  9222 | D:7      | Noticed a troll
  9250 | D:6      | Reached * piety under Makhleb
  9484 | D:6      | Killed a manticore
  9485 | D:6      | Reached XP level 10. HP: 21/75 MP: 0/0
  9750 | D:6      | Noticed a four-headed hydra
 10140 | D:7      | Reached skill level 8 in Fighting
 10140 | D:7      | Reached skill level 1 in Short Blades
 10641 | D:7      | Identified the +5 chain mail of the Fig {Dex+4}
 11032 | D:7      | Reached ** piety under Makhleb
 11251 | D:7      | Found a runed translucent door.
 11254 | D:7      | Found a basalt altar of Yredelemnul.
 11765 | D:8      | Found an opulent altar of Gozag.
 12105 | D:8      | Noticed a two-headed ogre
 12284 | D:8      | Found a hide-covered altar of Uskayaw.
 12712 | D:9      | Identified the +0 scale mail of the Swamp {+Blink}
 12859 | D:9      | Reached skill level 5 in Invocations
 12866 | D:9      | Reached XP level 11. HP: 43/81 MP: 0/0
 12866 | D:9      | Learned a level 4 spell: Hailstorm
 13138 | D:9      | Noticed a two-headed ogre
 13144 | D:9      | Killed a two-headed ogre
 14357 | D:10     | Entered Level 10 of the Dungeon
 14372 | D:10     | Noticed a two-headed ogre
 14381 | D:10     | Killed a two-headed ogre
 14694 | D:10     | Reached *** piety under Makhleb
 15057 | D:10     | Found a staircase to the Orcish Mines.
 15088 | D:10     | Found a staircase to the Lair.
 15781 | Lair:1   | Entered Level 1 of the Lair of Beasts
 15906 | Lair:1   | Reached skill level 9 in Fighting
 16023 | Lair:1   | Noticed a four-headed hydra
 16027 | Lair:1   | Killed a four-headed hydra
 16202 | Lair:1   | Reached XP level 12. HP: 74/89 MP: 0/0
 16451 | Lair:1   | Noticed Urug
 16459 | Lair:1   | Killed Urug
 16460 | Lair:1   | Reached skill level 10 in Dodging
 16618 | Lair:1   | Reached skill level 10 in Fighting
 16622 | Lair:1   | Reached skill level 1 in Evocations
 17235 | Lair:2   | Found a staircase to the Shoals.
 17588 | Lair:2   | Found a staircase to the Snake Pit.
 17733 | Lair:2   | Found a shadowy altar of Dithmenos.
 17751 | Lair:2   | Noticed Maggie
 17765 | Lair:2   | Killed Maggie
 18218 | Lair:3   | Reached **** piety under Makhleb
 18317 | Lair:3   | You are sucked into a shaft and drop 1 floor!
 18487 | Lair:3   | Reached skill level 11 in Fighting
 18773 | Lair:3   | Reached XP level 13. HP: 96/99 MP: 0/0
 18773 | Lair:3   | Learned a level 5 spell: Manifold Assault
 19239 | Lair:4   | Noticed a boulder beetle
 20086 | Lair:4   | HP: 4/99 [boulder beetle (8)]
 20094 | Lair:4   | Killed a boulder beetle
 20479 | Lair:4   | Noticed a boulder beetle
 20716 | Lair:5   | HP: 1/100 [rime drake/flash freeze (20)]
 21454 | Lair:5   | Reached skill level 12 in Fighting
 22378 | Lair:6   | Entered Level 6 of the Lair of Beasts
 22379 | Lair:6   | Noticed an eight-headed hydra
 22728 | Lair:6   | Reached skill level 10 in Spellcasting
 22848 | Lair:6   | Noticed a catoblepas
 22960 | Lair:6   | Noticed a five-headed hydra
 23319 | Lair:4   | Killed a five-headed hydra
 23501 | Lair:5   | Killed an eight-headed hydra
 24083 | Lair:6   | Reached XP level 14. HP: 92/107 MP: 0/0
 25437 | Lair:4   | Reached skill level 10 in Invocations
 25660 | D:4      | Bought a scroll of acquirement for 624 gold pieces
 25660 | D:4      | Bought 2 scrolls of teleportation for 72 gold pieces
 25660 | D:4      | Acquired the +2 pair of gloves of Kikubaaqudgha's Hope
                  | {Drain Str+7 Stlth+}
 25674 | D:4      | Acquired the ring of Liddeid {Drain rC+ rN+ Str+6 Dex+3}
 28284 | Lair:6   | Reached skill level 13 in Fighting
 29417 | Lair:6   | Found a corrupted altar of Lugonu.
 29417 | Lair:6   | Found a one-way gate to the infinite horrors of the Abyss.
 29583 | Lair:4   | Reached skill level 14 in Fighting
 29583 | Lair:4   | Reached XP level 15. HP: 47/117 MP: 0/0
 29583 | Lair:4   | Learned a level 6 spell: Starburst
 30179 | Lair:6   | Found a staircase to the Slime Pits.
 30367 | D:11     | Found a gate leading to a gauntlet.
 30486 | Gauntlet | Entered a Gauntlet
 30486 | Gauntlet | Found a transporter.
 30494 | Gauntlet | Found a transporter.
 30498 | Gauntlet | Found a transporter.
 30506 | Gauntlet | Found a transporter.
 30510 | Gauntlet | Found a transporter.
 30523 | Gauntlet | Found a transporter.
 30527 | Gauntlet | Found a transporter.
 30534 | Gauntlet | Found a transporter.
 30535 | Gauntlet | Found a transporter.
 30539 | Gauntlet | Found a runed translucent door.
 30541 | Gauntlet | Found a runed translucent door.
 30543 | Gauntlet | Found a transporter.
 30574 | Gauntlet | Found a transporter.
 30578 | Gauntlet | Found a runed translucent door.
 30586 | Gauntlet | Found a transporter.
 30599 | Gauntlet | Found a transporter.
 30612 | Gauntlet | Found a transporter.
 31297 | Gauntlet | Identified the +3 short sword "Kamast" {vorpal, rN+}
 31297 | Gauntlet | Identified the ring "Fone" {MP+9 EV+4 Int+3}
 31576 | Gauntlet | Identified the ring "Higip" {Will+ Dex+3}
 31576 | Gauntlet | Identified the +9 great sword of the Realm of Zot {flame,
                  | rF++ Str-3}
 32493 | D:12     | Noticed Rupert
 32495 | D:12     | Paralysed by Rupert for 3 turns
 32504 | D:12     | Killed Rupert
 34149 | D:13     | Noticed a storm dragon
 34154 | D:13     | Killed a storm dragon
 36215 | D:14     | Cast into level 2 of the Abyss (a wizard)
 36412 | Abyss:2  | Noticed a bone dragon
 36431 | Abyss:2  | Noticed a tentacled starspawn
 36433 | D:14     | Escaped the Abyss
 36737 | D:14     | Cast into level 2 of the Abyss (a wizard)
 36759 | Abyss:2  | Found a corrupted altar of Lugonu.
 36774 | Abyss:2  | Noticed a tentacled starspawn
 37036 | Abyss:2  | Noticed a tentacled starspawn
 37103 | Abyss:2  | Found a corrupted altar of Lugonu.
 37186 | Abyss:2  | HP: 4/117 [raiju (2)]
 37190 | Abyss:2  | HP: 1/117 [small abomination (11)]
 37194 | Abyss:2  | Killed from afar by a wretched star

Illustrated notes

Levels and vault maps discovered:
D:1:      ncdulo_watergridlock, layout_loops_cross, serial_shops,
          nicolae_square_shop
D:2:      layout_basic
D:3:      kennysheep_slugbush, layout_basic, nicolae_grassy_gnolls, uniq_grinder
D:4:      layout_loops_ring, grunt_temple_overflow_forces_of_nature,
          pf_just_have_faith, serial_shops, nicolae_shop_statue_plus,
          uniq_eustachio
D:5:      layout_cave_pools, mainiacjoe_overflow_alcove_4,
          minmay_temple_entry_hall, uniq_pikel
D:6:      minmay_chambers_of_sixes, layout_basic, serial_bayou_ford_a,
          minmay_holes, nrook_mini_vaults
D:7:      layout_rooms, dk_yredelemnul_ordeal
D:8:      layout_layer_cave, nicolae_uskayaw_dance_hall,
          nicolae_gozag_seed_capital
D:9:      layout_basic
D:10:     layout_loops_cross, erik_lair_island, orc_0_dummy
D:11:     layout_small_grid, gauntlet_entry_generic, serial_bayou,
          serial_bayou_pond_d, serial_bayou_pond_c, serial_bayou_lake_a,
          serial_bayou_pond_c, roderic_roman_lattice
D:12:     layout_gridville, chequers_serial_rivers_micro_b, uniq_rupert
D:13:     layout_basic, minmay_diamond_spiral
D:14:     layout_big_octagon, lightli_vaults_fourway_checkpoint
Temple:   regret_index_temple_generic_petals
Lair:1:   layout_small_grid, grunt_megastairs_5, uniq_urug
Lair:2:   layout_roguey, elwin_shoals_entry_rocks, dummy_snake_entry,
          basic_altar, uniq_maggie
Lair:3:   layout_misc_corridors
Lair:4:   layout_cave_shapes
Lair:5:   layout_loops_ring, minmay_lair_drake_nest, serial_bayou_shore_b,
          infiniplex_staircase_pool, grunt_megastairs_4
Lair:6:   hellmonk_lair_end_abyssal_woods, layout_cave_pods,
          dpeg_slime_entry_corner, nicolae_lair_yak_garden, lemuel_fruit_tree,
          infiniplex_staircase_pool_2
Abyss:2:  base: Lair:2, bh_abyss_negative, minivault_22,
          serial_sigils_hangedman_quiver, minivault_22, base: D:14,
          hangedman_abyss_theft, hangedman_abyss_or_decor_slice,
          onia_ninara_dug_in_and_dangerous, due_exit_kobolds

Skill      XL: |  1  2  3  4  5  6  7  8  9 10 11 12 13 14 15 |
---------------+----------------------------------------------+-----
Unarmed Combat | 4 5 7 |  7.5
Spellcasting   | 2 3 5 6 7 8 9 10 12 | 12.1
Fighting       | 2 3 4 6 7 8 9 11 12 14 | 14.2
Dodging        | 3 4 5 6 8 9 10 11 13 | 13.0
Invocations    | 2 5 6 8 9 10 | 10.0
Short Blades   | 2 |  2.0
Evocations     | 2 |  2.0

Action                   |  1- 3 |  4- 6 |  7- 9 | 10-12 | 13-15 || total
-------------------------+-------+-------+-------+-------+-------++-------
Melee: Unarmed           |    94 |    34 |       |    39 |       ||   167
       Headbutt          |     7 |     7 |       |       |       ||    14
       Punch             |     3 |     8 |     3 |     3 |    15 ||    32
       Dagger            |       |    57 |   112 |    68 |   324 ||   561
 Cast: Beastly Appendage |    13 |     7 |       |     1 |     2 ||    23
       Magic Dart        |       |    16 |    70 |   132 |   155 ||   373
       Scorch            |       |     2 |   124 |   251 |   386 ||   763
       Conjure Flame     |       |       |     1 |    11 |     3 ||    15
       Ice Form          |       |       |       |     2 |       ||     2
       Spider Form       |       |       |       |     1 |       ||     1
       Hailstorm         |       |       |       |    38 |    76 ||   114
       Inner Flame       |       |       |       |    11 |    13 ||    24
       Manifold Assault  |       |       |       |       |    59 ||    59
       Wereblood         |       |       |       |       |     1 ||     1
       Starburst         |       |       |       |       |    93 ||    93
Invok: Lesser Servant of |       |       |       |       |    17 ||    17
Evoke: Wand              |       |       |       |       |     5 ||     5
  Use: Potion            |       |     1 |     6 |     1 |    18 ||    26
       Scroll            |       |       |     4 |     8 |    18 ||    30
 Stab: Sleeping          |     1 |       |     1 |       |     2 ||     4
       Petrified         |       |       |       |       |     8 ||     8
       Distracted        |       |       |       |       |     2 ||     2
Armor: Robe              |    16 |    12 |    32 |    34 |   180 ||   274
       Skin              |       |     4 |    13 |     2 |       ||    19
Dodge: Dodged            |    65 |    49 |   113 |   181 |   588 ||   996
Block: Other             |       |       |       |    31 |   154 ||   185
       Reflection        |       |       |       |     4 |    10 ||    14

Table legend: (Time is in decaauts)
 A = Elapsed time spent in this place.
 B = Non-inter-level travel time spent in this place.
 C = Inter-level travel time spent in this place.
 D = Time resting spent in this place.
 E = Time spent auto-exploring this place.
 F = Levels seen in this place.
 G = Mean time per level.
                   A        B        C        D        E       F      G
               +--------+--------+--------+--------+--------+-----+--------+
         Total |  37218 |  35356 |   1862 |  17917 |  11848 |  24 | 1550.8 |
       Dungeon |  21013 |  19957 |   1056 |   8671 |   8261 |  14 | 1500.9 |
        Temple |    304 |    262 |     42 |      0 |    252 |   1 |  304.0 |
          Lair |  14135 |  13371 |    764 |   8085 |   3177 |   6 | 2355.8 |
         Abyss |    673 |    673 |      0 |    354 |      0 |   2 |  336.5 |
      Gauntlet |   1092 |   1092 |      0 |    806 |    158 |   1 | 1092.0 |
               +--------+--------+--------+--------+--------+-----+--------+

Top non-repeatable levels by time:
  Lair:5: 4490 daAuts
  Lair:6: 3409 daAuts
    D:13: 2919 daAuts
     D:6: 2383 daAuts
     D:2: 2123 daAuts
     D:4: 2119 daAuts
  Lair:4: 2051 daAuts
  Lair:3: 1849 daAuts
     D:9: 1743 daAuts
    D:10: 1646 daAuts
     D:3: 1632 daAuts
     D:8: 1369 daAuts
  Lair:1: 1176 daAuts
     D:7: 1175 daAuts
  Lair:2: 1157 daAuts
